 Dungeon Crawl Stone Soup version 0.28-a0-794-gafe8c5f9e9 (webtiles) character file.

Game seed: 771226928877054057

82 siradein the Cudgeller (level 4, 0/67 HPs)
             Began as a Troll Berserker on Nov 5, 2021.
             Was a Believer of Trog.
             Slain by an ogre (26 damage)
             ... on level 2 of the Dungeon.
             The game lasted 00:03:31 (861 turns).

siradein the Cudgeller (Troll Berserker)             Turns: 861, Time: 00:03:32

Health: 0/67       AC:  4    Str: 25    XL:     4   Next: 21%
Magic:  3/3        EV: 10    Int:  3    God:    Trog [**....]
Gold:   45         SH:  0    Dex: 10    Spells: 3/3 levels left

rFire   . . .      SeeInvis .   a - +0 mace
rCold   + . .      Faith    .   (no shield)
rNeg    . . .      Spirit   .   h - +0 robe {rC+}
rPois   .          Reflect  .   (helmet restricted)
rElec   .          Harm     .   (no cloak)
rCorr   .          Rampage  .   (gloves unavailable)
Will    .....                   (boots unavailable)
Stlth   ..........              (no amulet)
HPRegen 1.21/turn               (no ring)
MPRegen 0.08/turn               (no ring)

@: berserking, very quick
A: large, unfitting armour, claws 3, regeneration 1, shaggy fur 1, tough skin 1
a: Renounce Religion, Berserk, Trog's Hand


You were on level 2 of the Dungeon.
You worshipped Trog.
Trog was pleased with you.
You visited 1 branch of the dungeon, and saw 2 of its levels.

You collected 45 gold pieces.

Inventory:

Hand Weapons
 a - a +0 mace (weapon)
Missiles
 b - 5 atropa-tipped darts (quivered)
Armour
 h - a +0 robe of cold resistance (worn)
Scrolls
 c - a scroll of fog {unknown}
 d - 2 scrolls of teleportation {unknown}
 f - a scroll of blinking {unknown}
 g - a scroll of magic mapping {unknown}
 j - a scroll of identify {unknown}
Potions
 e - 2 potions of flight {unknown}
 i - a potion of attraction {unknown}


   Skills:
 + Level 3.0 Fighting
 + Level 3.2 Maces & Flails
 + Level 1.1 Armour
 + Level 3.0 Dodging


You had 3 spell levels left.
You didn't know any spells.
Your spell library was empty.

Dungeon Overview and Level Annotations

Branches:
Dungeon (2/15)

Altars:

Shops:
D:2 *


Innate Abilities, Weirdness & Mutations

You are too large for most types of armour.
You have claws for hands.
Your natural rate of healing is unusually fast.
You are covered in fur. (AC +1)
You have tough skin. (AC +1)


Message History

You hit the kobold.
You kill the kobold!
Trog accepts your kill.
No target in view!
No target in view!
Things that are here:
a +0 short sword; a kobold corpse
There is an open door here.
As you open the door, it creaks loudly!
An endoplasm, a jelly and an ogre come into view.
The ogre shouts!
The jelly quivers.
Found a scroll labelled LEAKHLU IMEAGHI.
There are monsters nearby!
There are monsters nearby!
There are monsters nearby!
There are monsters nearby!
Found 26 gold pieces.
A red film seems to cover your vision as you go berserk!
You feel yourself moving faster!
You feel mighty! The ogre hits you with a +0 giant club.
You hit the ogre.
The ogre is moderately wounded.
You barely miss the ogre.
The ogre is moderately wounded.
The ogre hits you with a +0 giant club!!
You barely miss the ogre.
The ogre is moderately wounded.
The ogre hits you with a +0 giant club!!
The jelly jiggles.
You are too injured to fight recklessly!
You are too injured to fight recklessly!
You are too injured to fight recklessly!
You are too injured to fight recklessly!
You hit the ogre.
The ogre is moderately wounded.
You hit the ogre.
The ogre is moderately wounded.
The ogre hits you with a +0 giant club!!
You die...

#.# #.# #.# #.# #. #.# #.#
#.# #.# #.# #.#
##.###################.###
#.....JJO@...............#
#####'######.....##...#..#
#...#...#.##.....#.#†..
$...J+..)'....##..#.†.#.
$?#...#...#.....)......#.
##########################


You could see an ogre, a jelly and an endoplasm.

Vanquished Creatures
  A jelly (D:2)
  An adder (D:2)
  A dart slug (D:2)
  10 ball pythons
  5 endoplasms
  A giant cockroach (D:2)
  2 goblins (D:2)
  5 hobgoblins
  A quokka (D:2)
  5 bats
  2 frilled lizards
  2 kobolds (D:2)
  3 rats
39 creatures vanquished.

Notes
Turn   | Place    | Note
-------+----------+-------------------------------------------
     0 | D:1      | siradein the Troll Berserker began the quest for the Orb.
     0 | D:1      | Reached XP level 1. HP: 22/22 MP: 0/0
   110 | D:1      | Found a faded altar of an unknown god.
   291 | D:1      | Reached XP level 2. HP: 29/29 MP: 1/1
   551 | D:2      | Found Voutely's General Store.
   627 | D:2      | Reached XP level 3. HP: 28/36 MP: 2/2
   679 | D:2      | Reached ** piety under Trog
   683 | D:2      | Reached skill level 1 in Armour
   766 | D:2      | Reached XP level 4. HP: 45/45 MP: 3/3
   851 | D:2      | Noticed an ogre
   861 | D:2      | Slain by an ogre

Illustrated notes

Levels and vault maps discovered:
D:1:      scummos_arrival_hexagon, layout_basic, ebering_ecumenical_altar_box
D:2:      minmay_thinvault, layout_loops_cross, serial_shops, shop

Skill      XL: |  1  2  3  4 |
---------------+-------------+-----
Maces & Flails | 3 |  3.2
Armour         | 1 |  1.1
Fighting       | 3 |  3.0
Dodging        | 3 |  3.0

Action                   |  1- 3 |  4- 6 || total
-------------------------+-------+-------++-------
Melee: Mace              |    69 |    35 ||   104
Invok: Berserk           |       |     1 ||     1
 Stab: Sleeping          |     1 |       ||     1
Armor: Animal skin       |    20 |       ||    20
       Robe              |     1 |    15 ||    16
Dodge: Dodged            |    50 |    16 ||    66

Table legend: (Time is in decaauts)
 A = Elapsed time spent in this place.
 B = Non-inter-level travel time spent in this place.
 C = Inter-level travel time spent in this place.
 D = Time resting spent in this place.
 E = Time spent auto-exploring this place.
 F = Levels seen in this place.
 G = Mean time per level.
                   A        B        C        D        E       F      G
               +--------+--------+--------+--------+--------+-----+--------+
         Total |    884 |    858 |     26 |      0 |    586 |   2 |  442.0 |
       Dungeon |    884 |    858 |     26 |      0 |    586 |   2 |  442.0 |
               +--------+--------+--------+--------+--------+-----+--------+

Top non-repeatable levels by time:
     D:1: 518 daAuts
     D:2: 366 daAuts
